 Dungeon Crawl Stone Soup version 0.28.0-53-g5a82cb258f (webtiles) character file.

Game seed: 1944820508574917882

3866 Woods the Basher (level 10, -15/56 HPs)
             Began as a Gargoyle Fighter on May 21, 2022.
             Was an Initiate of Yredelemnul.
             Demolished by a boulder beetle (18 damage)
             ... on level 9 of the Dungeon on May 22, 2022.
             The game lasted 00:22:59 (14773 turns).

Woods the Basher (Gargoyle Fighter)                Turns: 14773, Time: 00:22:59

Health: -15/56     AC: 21    Str: 22    XL:     10   Next: 19%
Magic:  22/22      EV:  6    Int:  9    God:    Yredelemnul [......]
Gold:   563        SH:  5    Dex: 17    Spells: 25/25 levels left

rFire   . . .      SeeInvis .   a - +0 flail
rCold   . . .      Faith    .   c - +0 buckler
rNeg    + . .      Spirit   .   f - +0 plate armour
rPois   ∞          Reflect  .   n - +0 helmet
rElec   +          Harm     .   j - +0 cloak
rCorr   .          Rampage  .   (no gloves)
Will    .....                   (no boots)
Stlth   ..........              (no amulet)
HPRegen 0.18/turn               o - +6 ring of dexterity
MPRegen 0.18/turn               (no ring)

@: no status effects
A: sickness immunity, AC +7, negative energy resistance 1, electricity
resistance, torment resistance 1, petrification resistance
a: Renounce Religion, Recall Undead Harvest


You were on level 9 of the Dungeon.
You worshipped Yredelemnul.
Yredelemnul was noncommittal.
You visited 2 branches of the dungeon, and saw 10 of its levels.
You also visited: Ossuary.

You collected 661 gold pieces.
You spent 98 gold pieces at shops.

Inventory:

Hand Weapons
 a - a +0 flail (weapon)
Armour
 b - a +0 scale mail
 c - a +0 buckler (worn)
 f - a +0 plate armour (worn)
 j - a +0 cloak (worn)
 n - a +0 helmet (worn)
 C - a scarf of repulsion
Jewellery
 o - a +6 ring of dexterity (left hand)
Wands
 d - a wand of flame (43)
 t - a wand of polymorph (6)
Scrolls
 h - 4 scrolls of fog
 i - 2 scrolls of enchant weapon
 k - a scroll of noise {unknown}
 u - a scroll of teleportation
 v - a scroll of enchant armour {unknown}
 w - 2 scrolls of vulnerability
 y - a scroll of magic mapping
 D - a scroll of blinking {unknown}
Potions
 e - 3 potions of heal wounds
 g - 2 potions of might
 l - a potion of degeneration {unknown}
 m - 3 potions of brilliance
 p - a potion of haste
 q - 2 potions of flight {unknown}
 r - 2 potions of cancellation
 s - 6 potions of curing
 x - a potion of experience {unknown}
 z - a potion of attraction {unknown}
 A - 3 potions of lignification {unknown}
 B - a potion of mutation {unknown}
 E - a potion of ambrosia {unknown}


   Skills:
 - Level 3.4 Fighting
 + Level 11.3 Maces & Flails
 - Level 3.5 Armour
 - Level 3.4 Shields
 + Level 8.1 Spellcasting


You had 25 spell levels left.
You didn't know any spells.
Your spell library contained the following spells:

 Spells                   Type           Power      Damage    Failure   Level
 Shock                    Conj/Air       12%        1d3       99%         1
 Wereblood                Tmut           3%         N/A       100%        2
 Swiftness                Air            3%         N/A       100%        3
 Airstrike                Air            1%         N/A       100%        4
 Summon Hydra             Summ           1%         N/A       100%        7
 Sublimation of Blood     Necr           Unusable   N/A       N/A         2

Dungeon Overview and Level Annotations

Branches:
Dungeon (9/15)             Temple (1/1) D:6         Ossuary (visited)
   Lair: D:8-11         Orc: D:9-12

Altars:
Ashenzari
Cheibriados
Dithmenos
Elyvilon
Fedhas
Gozag
Hepliaklqana
Kikubaaqudgha
Makhleb
Nemelex Xobeh
Okawaru
Qazlal
Ru
Sif Muna
Trog
Uskayaw
Vehumet
Wu Jian
Xom
Yredelemnul
Zin
The Shining One

Shops:
D:3 =   D:4 (   D:8 ?

Annotations:
D:2 Crazy Yiuf
D:3 Pikel, Sigmund
D:5 Edmund
D:8 1 runed translucent door, styxcanada's ghost, novice SpBr


Innate Abilities, Weirdness & Mutations

You are immune to sickness and miasma.
Your stone body is resilient. (AC +7)
You are immune to poison.
You resist negative energy. (rN+)
You are resistant to electric shocks. (rElec)
You are resistant to unholy torment.
You are immune to petrification.


Message History

The boulder beetle barely misses you. You block the vampire's attack.
The vampire bites you.
You hit the vampire but do no damage.
The vampire is lightly damaged.
The boulder beetle leaps!
Unknown command.
You hit the vampire but do no damage.
The vampire is lightly damaged.
You block the vampire's attack.
The vampire bites you but does no damage.
You sock the vampire!
The vampire is moderately damaged.
The vampire barely misses you.
The vampire bites you but does no damage.
The boulder beetle curls into a ball and begins rolling!
You barely miss the vampire.
The vampire is moderately damaged.
You block the vampire's attack. x2
You hit the vampire but do no damage.
The vampire is moderately damaged.
You block the vampire's attack. The vampire barely misses you.
You closely miss the vampire.
The vampire is moderately damaged.
You block the vampire's attack. x2
You hit the vampire but do no damage.
The vampire is moderately damaged.
The vampire barely misses you. The vampire bites you.
You hit the vampire but do no damage.
The vampire is moderately damaged.
The vampire mumbles some strange words.
The vampire flickers and vanishes!
Deactivating autopickup; reactivate with Ctrl-A.
You sock something! The boulder beetle hits you!!
Ouch! That really hurt!
* * * LOW HITPOINT WARNING * * *
The boulder beetle stops rolling and uncurls.
Something hits you but does no damage. Something bites you but does no damage.
You barely miss something. The boulder beetle bites you!!
You die...
Your body rises from the dead as a mindless zombie.

.....[. #######
.......#### ####'##
......B@Z.# #.....#
.....°{##.###.....###
......° #...#.....'.
....... ###.#.....#
....... #.#.....#
....... #.#.....#
....... #.'.....#
....... ###.....#
#.....#


You could see a boulder beetle (ally target) and a friendly steam dragon zombie.

Vanquished Creatures
  A steam dragon (D:9)
  2 wargs (D:9)
  3 ice beasts
  2 sky beasts
  2 black bears
  2 necrophages
  3 centaurs
  3 lemures (D:4)
  2 kobold brigands (D:8)
  Blork the orc (D:5)
  A gnoll sergeant (D:8)
  2 scorpions (D:5)
  A bullfrog (D:6)
  A water moccasin skeleton (D:5)
  6 killer bees (D:8)
  7 wights
  5 howler monkeys
  An electric eel (D:6)
  4 centaur zombies
  2 centaur skeletons
  2 bullfrog skeletons
  2 orc priests (D:9)
  A gnoll shaman (D:7)
  An iguana (D:4)
  Ijyb (D:5)
  Terence (D:2)
  A scorpion zombie (D:5)
  5 orc wizards
  2 killer bee zombies
  3 ogre zombies (Ossuary)
  2 hound skeletons
  A howler monkey zombie (D:8)
  7 mummies (Ossuary)
  5 gnolls
  8 adders
  A white imp (D:7)
  3 adder zombies (Ossuary)
  4 worms (D:2)
  2 dart slugs
  21 orcs
  12 ball pythons
  4 bats
  6 endoplasms
  2 giant cockroaches
  A gnoll zombie (Ossuary)
  4 goblins
  7 hobgoblins
  6 jackals
  3 quokkas
  3 frilled lizards
  5 goblin zombies (Ossuary)
  6 hobgoblin zombies (Ossuary)
  13 kobolds
  5 kobold zombies (Ossuary)
  2 quokka zombies (Ossuary)
  4 rats
  3 rat zombies (Ossuary)
210 creatures vanquished.

Vanquished Creatures (collateral kills)
  A bullfrog (D:8)
  A wight (D:7)
  An orc wizard (D:6)
  3 gnolls
  An orc (D:9)
  A goblin (D:9)
  A kobold (D:8)
9 creatures vanquished.

Vanquished Creatures (others)
  A spectral ice beast (D:8)
  2 bullfrog zombies
  A centaur zombie (D:7)
  3 killer bee zombies (D:8)
  6 gnoll zombies
  A goblin zombie (D:9)
  5 kobold zombies (D:8)
  8 orc zombies
  4 toadstools (D:3)
31 creatures vanquished.

Grand Total: 250 creatures vanquished

Notes
Turn   | Place    | Note
-------+----------+-------------------------------------------
     0 | D:1      | Woods the Gargoyle Fighter began the quest for the Orb.
     0 | D:1      | Reached XP level 1. HP: 14/14 MP: 1/1
   151 | D:1      | Reached XP level 2. HP: 4/19 MP: 2/2
   946 | D:2      | Reached XP level 3. HP: 23/23 MP: 3/3
   977 | D:2      | Reached skill level 3 in Maces & Flails
  1060 | D:2      | Noticed Terence
  1789 | D:2      | Killed Terence
  1790 | D:2      | Reached skill level 4 in Maces & Flails
  1790 | D:2      | Reached XP level 4. HP: 13/28 MP: 4/4
  2262 | D:2      | Found a runed translucent door.
  2263 | D:2      | Noticed Crazy Yiuf
  2469 | D:2      | Paralysed by Crazy Yiuf for 6 turns
  2863 | D:3      | Noticed Sigmund
  3512 | D:3      | Found Baela's Jewellery Emporium.
  3890 | D:3      | Reached XP level 5. HP: 18/32 MP: 5/5
  4301 | D:4      | Found Potuy's Antique Weapon Emporium.
  4340 | D:4      | Reached skill level 5 in Maces & Flails
  4891 | D:4      | Noticed a lemure
  4901 | D:4      | Noticed a lemure
  4936 | D:4      | Killed a lemure
  4947 | D:4      | Killed a lemure
  5174 | D:4      | Noticed Pikel
  5174 | D:4      | Noticed a lemure
  5371 | D:4      | Killed a lemure
  5716 | D:5      | Entered Level 5 of the Dungeon
  5726 | D:5      | Reached skill level 6 in Maces & Flails
  5726 | D:5      | Reached XP level 6. HP: 26/37 MP: 6/6
  5936 | D:5      | Noticed Ijyb
  5947 | D:5      | Killed Ijyb
  6017 | D:5      | Noticed Blork the orc
  6026 | D:5      | Killed Blork the orc
  6027 | D:5      | Reached skill level 7 in Maces & Flails
  6027 | D:5      | Reached XP level 7. HP: 41/41 MP: 7/7
  6192 | D:5      | Reached skill level 1 in Spellcasting
  6338 | D:5      | Noticed Edmund
  7051 | D:5      | Identified the +9 short sword of Past Mistakes {elec,
                  | Int+2}
  7239 | D:6      | Reached skill level 8 in Maces & Flails
  7239 | D:6      | Reached XP level 8. HP: 29/46 MP: 12/12
  7400 | D:6      | Found a sand-covered staircase.
  7416 | Ossuary  | Entered an ossuary
  8727 | D:6      | Found a staircase to the Ecumenical Temple.
  8758 | Temple   | Entered the Ecumenical Temple
  8808 | Temple   | Became a worshipper of Yredelemnul the Dark
  9029 | D:6      | Reached skill level 9 in Maces & Flails
  9086 | D:6      | Reached * piety under Yredelemnul
  9110 | D:6      | Reached skill level 5 in Spellcasting
 10132 | D:7      | Found a glowing silver altar of Zin.
 10149 | D:7      | Reached XP level 9. HP: 41/51 MP: 15/17
 10281 | D:7      | HP: 1/51 [wight/+2 halberd (13)]
 10687 | D:8      | Found a runed translucent door.
 10741 | D:8      | Found a shimmering altar of Xom.
 10741 | D:8      | Noticed styxcanada's ghost (novice SpBr)
 10742 | D:8      | Noticed a +2 hand axe of chaos
 11129 | D:8      | Found Igrur's Magic Scroll Shoppe.
 11137 | D:8      | Bought a scroll of teleportation for 42 gold pieces
 11137 | D:8      | Bought a scroll of identify for 28 gold pieces
 11137 | D:8      | Bought a scroll of identify for 28 gold pieces
 11747 | D:8      | Reached ** piety under Yredelemnul
 11923 | D:8      | Reached skill level 10 in Maces & Flails
 13725 | D:9      | Noticed a kobold demonologist
 13735 | D:9      | Noticed a boulder beetle
 13757 | D:8      | Reached XP level 10. HP: 45/56 MP: 21/21
 14064 | D:9      | Reached skill level 11 in Maces & Flails
 14085 | D:9      | HP: 2/56 [orc wizard/puff of flame (7)]
 14556 | D:9      | Noticed a skeletal warrior
 14567 | D:9      | Noticed a skeletal warrior
 14773 | D:9      | Demolished by a boulder beetle

Illustrated notes

Levels and vault maps discovered:
D:1:      amcnicky_arrival_flooded_fountain, layout_basic, minmay_tetromino_i2
D:2:      layout_basic, uniq_crazy_yiuf_cottage, uniq_terence
D:3:      layout_basic, serial_shops, shop, minivault_27,
          palyth_stone_intersect, minmay_gold_behind_fungi, uniq_sigmund
D:4:      layout_rooms, serial_shops, shop, kennysheep_donut, uniq_pikel
D:5:      layout_basic, minmay_diced_spiral, uniq_ijyb, uniq_edmund,
          uniq_blork_the_orc
D:6:      layout_rooms, minmay_temple_entry_statues_fountains, enter_ossuary_1,
          serial_bayou_ford_a, grunt_ministairs_13
D:7:      layout_basic, mainiacjoe_overflow_brackets
D:8:      layout_gridville, serial_shops, shop, ebering_ghost_xom
D:9:      layout_roguey, erik_orc_3, st_stairs_13
Temple:   nicolae_temple_the_god_donut

Skill      XL: |  1  2  3  4  5  6  7  8  9 10 |
---------------+-------------------------------+-----
Maces & Flails | 4 6 7 8 9 10 11 | 11.3
Spellcasting   | 3 5 7 8 |  8.1
Fighting       | |  3.4
Armour         | |  3.5
Shields        | |  3.4

Action                   |  1- 3 |  4- 6 |  7- 9 | 10-12 || total
-------------------------+-------+-------+-------+-------++-------
Melee: Flail             |    97 |   217 |   619 |    87 ||  1020
       Unarmed           |       |     7 |       |       ||     7
Invok: Recall Undead Har |       |       |     7 |     1 ||     8
  Use: Potion            |     1 |       |     2 |       ||     3
       Scroll            |       |     2 |     9 |     1 ||    12
 Stab: Distracted        |       |       |     3 |       ||     3
Armor: Plate armour      |    60 |   169 |   453 |    65 ||   747
       Scale mail        |     1 |       |       |       ||     1
       Skin              |       |     3 |       |       ||     3
Dodge: Dodged            |    22 |    64 |   146 |    14 ||   246
Block: Buckler           |    24 |    48 |   136 |    19 ||   227
